 Dungeon Crawl Stone Soup version 0.24.0-13-gcf9b319 (webtiles) character file.

Game seed: 6755539059950467734, levelgen mode: deterministic

49 Bronimir the Firebug (level 3, -3/33 HPs)
             Began as an Ogre Fire Elementalist on Apr 19, 2020.
             Slain by a gnoll
             ... wielding a +0 flail
              (10 damage)
             ... on level 1 of the Dungeon.
             The game lasted 00:03:48 (1807 turns).

Bronimir the Firebug (Ogre Fire Elementalist)       Turns: 1807, Time: 00:03:49

Health: -3/33      AC:  3    Str: 13    XL:     3   Next: 75%
Magic:  1/7        EV: 10    Int: 16    God:
Gold:   52         SH:  0    Dex:  9    Spells: 4/7 levels left

rFire    . . .     SeeInvis .   b - +0 club
rCold    . . .     Gourm    .   (no shield)
rNeg     . . .     Faith    .   a - +0 robe
rPois    .         Spirit   .   (helmet restricted)
rElec    .         Reflect  .   (no cloak)
rCorr    .         Harm     .   (gloves unavailable)
MR       .....                  (boots unavailable)
Stlth    +.........             (no amulet)
HPRegen  0.11/turn              (no ring)
MPRegen  0.10/turn              (no ring)

@: very slightly contaminated
A: large, unfitting armour, tough skin 1
a: no special abilities


You were on level 1 of the Dungeon.
You were very hungry.

You visited 1 branch of the dungeon, and saw 2 of its levels.

You collected 52 gold pieces.

Inventory:

Hand Weapons
 b - a +0 club (weapon)
 l - a +0 hand axe
Missiles
 e - 3 stones (quivered)
 m - 27 sling bullets
 o - 16 arrows
Armour
 a - a +0 robe (worn)
 g - a +0 pair of gloves
Jewellery
 k - a +4 ring of intelligence {unknown}
Wands
 n - a wand of acid (5)
Scrolls
 d - 5 scrolls of identify {unknown}
 f - a scroll of teleportation {unknown}
 h - a scroll of enchant weapon {unknown}
 i - 2 scrolls of remove curse {unknown}
 p - a scroll of immolation {unknown}
Potions
 j - a potion of might {unknown}
 q - a potion of heal wounds {unknown}
Comestibles
 c - 6 rations


   Skills:
 * Level 1.1 Fighting
 * Level 0.5 Maces & Flails
 * Level 2.2 Dodging
 - Level 1.4 Stealth
 * Level 2.9 Spellcasting
 * Level 1.2 Conjurations
 * Level 3.2 Fire Magic


You had 4 spell levels left.
You knew the following spells:

 Your Spells              Type           Power        Failure   Level  Hunger
a - Flame Tongue          Conj/Fire      #....        8%          1    #......
b - Throw Flame           Conj/Fire      #.....       12%         2    ##.....

Your spell library contained the following spells:

 Spells                   Type           Power        Failure   Level  Hunger
 Conjure Flame            Conj/Fire      #.......     22%         3    ###....
 Inner Flame              Hex/Fire       #.......     28%         3    ###....
 Sticky Flame             Conj/Fire      #.......     58%         4    #####..
 Fireball                 Conj/Fire      #.........   91%         5    ######.


Dungeon Overview and Level Annotations

Branches:
Dungeon (2/15)

Altars:


Innate Abilities, Weirdness & Mutations

You are too large for most types of armour.
You have tough skin. (AC +1)


Message History

Aim: a gnoll, wielding a +0 flail The flame tongue misses the gnoll.
The gnoll hits you with a +0 flail!
Casting: Flame Tongue (safe; 8% risk of failure)
Confirm with . or Enter, or press ? or * to list all spells.
Aiming: Flame Tongue (safe; 8% risk of failure)
Press: ? - help, Shift-Dir - straight line, f/p - gnoll
Aim: a gnoll, wielding a +0 flail The flame tongue hits the gnoll!
The gnoll is severely wounded.
The gnoll hits you with a +0 flail.
* * * LOW HITPOINT WARNING * * *
Casting: Flame Tongue (safe; 8% risk of failure)
Confirm with . or Enter, or press ? or * to list all spells.
Aiming: Flame Tongue (safe; 8% risk of failure)
Press: ? - help, Shift-Dir - straight line, f/p - gnoll
Aim: a gnoll, wielding a +0 flail (severely wounded)
The flame tongue hits the gnoll.
The gnoll is almost dead.
The gnoll hits you with a +0 flail!
You die...

.....# #.#####.###.# #†....
##...# #.# #.....# #.#.## #...#
#.## ####### #.#.## #...# #..#
########.#... ##...##########.#
#.....##.#### ........[....##.#
###.....##.# ..........##.##.#
#.......##.#
..........##.##.###.#...>.##.#
.#....#.#.......@gg.#.....##.#
.#....#.####.##.############.####
.#....#......##.#### #.....
.#....######.......# ###########
.#....## #.##.##.# #.......# #
.......# #.##.##.####.#####.# #
.##.##.#####.##.........# #.# #
.##.............##.###### #.###
.##........#.......# #....


You could see 2 gnolls.

Vanquished Creatures
  2 gnolls (D:2)
  2 dart slugs
  4 bats
  2 giant cockroaches (D:1)
  3 goblins (D:1)
  2 frilled lizards (D:1)
  8 kobolds
  4 rats (D:1)
27 creatures vanquished.

Notes
Turn   | Place    | Note
-------+----------+-------------------------------------------
     0 | D:1      | Bronimir the Ogre Fire Elementalist began the quest for the
                  | Orb.
     0 | D:1      | Reached XP level 1. HP: 16/16 MP: 3/3
   373 | D:1      | Reached XP level 2. HP: 26/26 MP: 2/5
   416 | D:1      | Reached skill level 1 in Conjurations
   692 | D:1      | Reached skill level 3 in Fire Magic
   696 | D:1      | Learned a level 2 spell: Throw Flame
  1335 | D:2      | Reached XP level 3. HP: 32/32 MP: 7/7
  1716 | D:2      | Reached skill level 1 in Fighting
  1807 | D:1      | Slain by a gnoll

Levels and vault maps discovered:
D:1:      saegor_arrival_simple_a, layout_loops_cross
D:2:      layout_basic

Skill      XL: |  1  2  3 |
---------------+----------+-----
Conjurations   | 1 |  1.2
Dodging        | 2 |  2.2
Fire Magic     | 3 |  3.2
Fighting       | 1 |  1.1
Maces & Flails | |  0.5
Stealth        | |  1.4
Spellcasting   | |  2.9

Action                   || total
-------------------------++-------
Melee: Club              ||    37
 Cast: Flame Tongue      ||    48
 Stab: Sleeping          ||     2
  Eat: Chunk             ||     2
Armor: Robe              ||    32
Dodge: Dodged            ||    54
